 Dungeon Crawl Stone Soup version 0.22-a0-305-gd21a89c (webtiles) character file.

2850 tselfspeed the Cleaver (level 9, -14/82 HPs)
             Began as a Deep Dwarf Fighter on Mar 31, 2018.
             Was a Follower of Makhleb.
             Demolished by a two-headed ogre
             ... wielding a cursed +0 giant club
              (18 damage)
             ... on level 10 of the Dungeon.
             The game lasted 00:08:35 (1268 turns).

tselfspeed the Cleaver (Deep Dwarf Fighter)         Turns: 1268, Time: 00:08:35

Health: -14/82     AC: 11    Str: 22    XL:     9   Next: 46%
Magic:  9/9        EV:  4    Int: 10    God:    Makhleb [*.....]
Gold:   143        SH: 11    Dex: 12    Spells: 8/8 levels left

rFire    . . .     SeeInvis .   a - +0 war axe
rCold    . . .     Gourm    .   c - +0 shield
rNeg     . . .     Faith    .   j - +0 plate armour
rPois    .         Spirit   .   (no helmet)
rElec    .         Reflect  .   (no cloak)
rCorr    .         Harm     .   (no gloves)
MR       +....                  (no boots)
Stlth    ..........             (no amulet)
HPRegen  0.00/turn              (no ring)
MPRegen  0.11/turn              (no ring)

@: lethally poisoned (-14 -> -14), non-regenerating
A: damage resistance, heal wounds, sense surroundings 2, no regeneration
a: Heal Wounds, Renounce Religion


You were on level 10 of the Dungeon.
You worshipped Makhleb.
Makhleb was aware of your devotion.
You were not hungry.

You visited 1 branch of the dungeon, and saw 11 of its levels.

You collected 143 gold pieces.

Inventory:

Hand Weapons
 a - a +0 war axe (weapon)
Armour
 b - a +0 scale mail
 c - a +0 shield (worn)
 j - a +0 plate armour (worn)
Jewellery
 d - an uncursed ring of ice {unknown}
 e - an uncursed ring of protection from cold {unknown}
 l - a cursed amulet of guardian spirit {unknown}
Wands
 m - a wand of polymorph (1)
Scrolls
 k - a scroll of remove curse
Potions
 h - a potion of resistance {unknown}
 i - a potion of degeneration {unknown}
 o - a potion of curing
Comestibles
 f - 8 rations
 g - a chunk of flesh


   Skills:
 + Level 5.8 Fighting
 * Level 9.0 Axes
 - Level 3.2 Armour
 + Level 6.9 Shields
 * Level 8.7 Invocations


You had 8 spell levels left.
You didn't know any spells.

Dungeon Overview and Level Annotations

Branches:
Dungeon (11/15)               Orc (0/2) D:11
 Temple: D:4-7         Lair: D:8-11

Altars:
Makhleb

Annotations:
D:11 swampert's ghost, journeyman HOFi


Innate Abilities, Weirdness & Mutations

You are resistant to damage.
You can heal yourself by infusing magical energy.
You passively map the area around you.
You do not regenerate.


Message History

The adder bites you but does no damage.
The centaur warrior shoots an arrow.
You block the arrow.
The two-headed ogre hits you with a giant spiked club!!
* * * LOW HITPOINT WARNING * * *
You block the two-headed ogre's attack.
The two-headed ogre hits you with a giant club!
* * * LOW HITPOINT WARNING * * *
The two-headed ogre barely misses you. The adder bites you but does no damage.
You hit the two-headed ogre but do no damage.
You slash the adder!
You kill the adder!
Makhleb accepts your kill.
You slash the two-headed ogre!
The centaur warrior shoots an arrow.
You block the arrow.
The centaur warrior shoots an arrow.
The arrow closely misses you.
The two-headed ogre hits you with a giant spiked club!
* * * LOW HITPOINT WARNING * * *
The two-headed ogre hits you but does no damage.
The two-headed ogre hits you with a giant club!!
You die...

, * , * * #..#
* ##..#
##...### *
#......## , *
##.......##
#....(....## ,
##..O.†.....# ,
#....@....... *
* ,
#.....O...... *
* #............
#............ *
#.............
#.c...........,
*
#.............
* * *
##............
##### * .... ,
*


You could see a centaur warrior and 2 two-headed ogres.

Vanquished Creatures
  Joseph (D:10)
  A gargoyle (D:11)
  A centaur skeleton (D:11)
  Menkaure (D:5)
  A water moccasin (D:9)
  Duvessa (D:5)
  An orc warrior (D:10)
  A sky beast (D:8)
  3 ogres
  A centaur (D:8)
  3 bullfrogs
  Dowan (D:5)
  A scorpion (D:4)
  4 killer bees (D:8)
  4 wights (D:8)
  A hound (D:11)
  8 orc priests
  2 orc wizards (D:9)
  3 worker ants
  4 adders
  An ooze (D:3)
  17 orcs
  10 goblins
  4 hobgoblins
  4 jackals (D:3)
  A bat (D:3)
  2 frilled lizards (D:1)
  3 kobolds (D:1)
85 creatures vanquished.

Notes
Turn   | Place    | Note
-------+----------+-------------------------------------------
     0 | D:1      | tselfspeed the Deep Dwarf Fighter began the quest for the Orb.
     0 | D:1      | Reached XP level 1. HP: 20/20 MP: 1/1
    29 | D:1      | Reached XP level 2. HP: 24/27 MP: 2/2
   155 | D:3      | Reached skill level 3 in Axes
   217 | D:3      | Reached XP level 3. HP: 21/34 MP: 3/3
   290 | D:3      | Reached XP level 4. HP: 30/42 MP: 4/4
   306 | D:4      | Reached skill level 4 in Axes
   339 | D:4      | Reached XP level 5. HP: 22/49 MP: 4/4
   380 | D:4      | Found a burning altar of Makhleb.
   393 | D:4      | Reached skill level 5 in Axes
   395 | D:4      | Became a worshipper of Makhleb the Destroyer
   432 | D:4      | Reached XP level 6. HP: 47/57 MP: 5/5
   466 | D:4      | Reached skill level 1 in Invocations
   486 | D:5      | Entered Level 5 of the Dungeon
   486 | D:5      | Noticed Duvessa
   486 | D:5      | Noticed Dowan
   507 | D:5      | Killed Duvessa
   511 | D:5      | Killed Dowan
   511 | D:5      | Reached skill level 5 in Shields
   511 | D:5      | Reached XP level 7. HP: 64/64 MP: 6/8
   548 | D:5      | Noticed Menkaure
   585 | D:5      | Killed Menkaure
   585 | D:5      | Reached skill level 6 in Axes
   805 | D:8      | Reached skill level 5 in Invocations
   811 | D:8      | Reached XP level 8. HP: 62/73 MP: 9/9
   825 | D:8      | Reached skill level 7 in Axes
   870 | D:8      | Reached * piety under Makhleb
   887 | D:8      | Reached skill level 5 in Fighting
  1084 | D:9      | Reached skill level 8 in Axes
  1094 | D:10     | Entered Level 10 of the Dungeon
  1094 | D:10     | Noticed Joseph
  1113 | D:10     | Killed Joseph
  1113 | D:10     | Gained mutation: You passively map the area around you. [Deep Dwarf growth]
  1113 | D:10     | Reached XP level 9. HP: 35/81 MP: 9/9
  1209 | D:10     | Noticed a two-headed ogre
  1209 | D:10     | Noticed a centaur warrior
  1209 | D:10     | Noticed a two-headed ogre
  1209 | D:10     | Noticed a gargoyle
  1222 | D:11     | Killed a gargoyle
  1239 | D:11     | Reached skill level 9 in Axes
  1251 | D:11     | Noticed swampert's ghost (journeyman HOFi)
  1268 | D:10     | HP: 4/82 [two-headed ogre/giant spiked club (8)]
  1268 | D:10     | Demolished by a two-headed ogre

Vault maps used:
D:1:      minmay_arrival_plants_in_alcoves
D:2:      first_ration
D:3:      cheibrodos_greedy_goblins, kennysheep_decorative_pillar
D:4:      nicolae_overflow_crystal_walls, uniq_ijyb
D:5:      minmay_overflow_temple_hex, serial_shops, shop, uniq_eustachio,
          uniq_menkaure, uniq_duvessa
D:6:      minmay_temple_entry_enclosed_plants, serial_shops,
          nicolae_shop_temple_entry_statues_fountains
D:7:      lemuel_ice_spiral_2, nicolae_qazlal_eye_of_the_storm, basic_altar
D:8:      dpeg_lair_monsters
D:9:      kennysheep_mini_moat
D:10:     uniq_joseph
D:11:     orc_0_dummy, hangedman_ranch, uniq_erica

Skill      XL: |  1  2  3  4  5  6  7  8  9 |
---------------+----------------------------+-----
Axes           | 3 4 5 6 8 9 |  9.0
Fighting       | 3 4 5 |  5.8
Shields        | 4 5 6 |  6.9
Invocations    | 3 5 7 8 |  8.7
Armour         | |  3.2

Action                   |  1- 3 |  4- 6 |  7- 9 || total
-------------------------+-------+-------+-------++-------
Melee: War axe           |    78 |    89 |   241 ||   408
 Abil: Heal Wounds       |     2 |     5 |    18 ||    25
Evoke: Wand              |       |       |     3 ||     3
  Use: Scroll            |       |       |     3 ||     3
       Potion            |       |       |     1 ||     1
  Eat: Chunk             |       |       |     2 ||     2
Armor: Scale mail        |     8 |       |       ||     8
       Plate armour      |    38 |    37 |   142 ||   217
       Skin              |       |    15 |       ||    15
Dodge: Dodged            |     6 |     8 |    41 ||    55
Block: Shield            |    57 |    52 |   148 ||   257

Table legend:
 A = Spawn XP
 B = Non-spawn XP
 C = Spawn XP percentage of total XP
 D = Spawn monster count
 E = Non-spawn monster count
 F = Spawn count percentage of total count
 G = Total turns spent on level
                    A         B        C        D         E        F      G
               +---------+---------+-------+---------+---------+-------+---------
         Total |       0 |    4072 |   0.0 |       0 |      85 |   0.0 |  1268
               +---------+---------+-------+---------+---------+-------+---------
           D:1 |       0 |      18 |   0.0 |       0 |      11 |   0.0 |    47
           D:3 |       0 |      91 |   0.0 |       0 |      18 |   0.0 |   171
           D:4 |       0 |     410 |   0.0 |       0 |      14 |   0.0 |   201
           D:5 |       0 |     440 |   0.0 |       0 |      11 |   0.0 |   154
           D:6 |       0 |     180 |   0.0 |       0 |       2 |   0.0 |    89
           D:8 |       0 |     941 |   0.0 |       0 |      12 |   0.0 |   167
           D:9 |       0 |     506 |   0.0 |       0 |       8 |   0.0 |   189
          D:10 |       0 |     638 |   0.0 |       0 |       6 |   0.0 |    72
          D:11 |       0 |     848 |   0.0 |       0 |       3 |   0.0 |   102
               +---------+---------+-------+---------+---------+-------+---------
